 Dungeon Crawl Stone Soup version 0.26.1-11-gd32895ea62 (webtiles) character file.

Game seed: 13729551339837582970

1217 CaptDreibein the Shield-Bearer (level 8, -8/61 HPs)
             Began as a Demonspawn Fighter on June 7, 2021.
             Mangled by an ice beast (9 damage)
             ... on level 6 of the Dungeon.
             The game lasted 00:07:49 (6261 turns).

CaptDreibein the Shield-Bearer (Demonspawn Fighter) Turns: 6261, Time: 00:07:50

Health: -8/61      AC: 17    Str: 18    XL:     8   Next: 22%
Magic:  8/8        EV:  8    Int: 10    God:
Gold:   275        SH:  9    Dex: 13    Spells: 7/7 levels left

rFire    . . .     SeeInvis +   v - +2 flail (vorpal)
rCold    . . .     Faith    .   c - +0 kite shield
rNeg     + . .     Spirit   .   b - +0 scale mail
rPois    .         Reflect  .   (no helmet)
rElec    .         Harm     .   (no cloak)
rCorr    .         Rampage  .   A - +0 pair of gloves
Will     .....                  (no boots)
Stlth    ..........             (no amulet)
HPRegen  0.20/turn              l - ring of see invisible
MPRegen  0.11/turn              s - ring of positive energy

@: sanguine armour
A: talons 1, spiny 1, miasma immunity, sanguine armour 2
a: no special abilities


You were on level 6 of the Dungeon.
You visited 1 branch of the dungeon, and saw 6 of its levels.

You collected 275 gold pieces.

Inventory:

Hand Weapons
 a - a +0 long sword
 v - a +2 vorpal flail (weapon)
Missiles
 e - 25 poisoned darts (quivered)
Armour
 b - a +0 scale mail (worn)
 c - a +0 kite shield (worn)
 A - a +0 pair of gloves (worn)
Jewellery
 l - a ring of see invisible (left hand)
 o - an uncursed ring of willpower
 s - a ring of positive energy (right hand)
 t - an uncursed ring of wizardry {unknown}
Wands
 w - a wand of flame (17)
 x - a wand of polymorph (9)
Scrolls
 h - 2 scrolls of amnesia {unknown}
 i - 4 scrolls of noise {unknown}
 j - 4 scrolls of identify {unknown}
 m - 3 scrolls of remove curse {unknown}
 n - 3 scrolls of enchant weapon {unknown}
 p - a scroll of random uselessness {unknown}
 r - a scroll of immolation {unknown}
 y - 3 scrolls of teleportation {unknown}
Potions
 d - a potion of might
 f - 3 potions of haste {unknown}
 g - 2 potions of brilliance {unknown}
 k - a potion of lignification {unknown}
 q - a potion of berserk rage {unknown}
 u - 2 potions of attraction {unknown}
 z - 2 potions of degeneration {unknown}


   Skills:
 + Level 4.6 Fighting
 + Level 3.1 Long Blades
 + Level 4.3 Maces & Flails
 + Level 1.5 Throwing
 + Level 4.7 Armour
 + Level 2.0 Dodging
 + Level 0.7 Stealth
 + Level 4.9 Shields


You had 7 spell levels left.
You didn't know any spells.
Your spell library contained the following spells:

 Spells                   Type           Power        Failure   Level
 Confusing Touch          Hex            0%           100%        3
 Gell's Gravitas          Tloc           0%           100%        3
 Petrify                  Tmut/Erth      0%           100%        4
 Metabolic Englaciation   Hex/Ice        0%           100%        5
 Yara's Violent Unravell  Hex/Tmut       0%           100%        5


Dungeon Overview and Level Annotations

Branches:
Dungeon (6/15)
 Temple: D:4-7

Altars:
Kikubaaqudgha
Makhleb
Uskayaw


Innate Abilities, Weirdness & Mutations

You have sharp toenails.
You are partially covered in sharp spines.
You are immune to miasma.
When seriously injured, your bleeding wounds create thick armour. (AC +9)


Message History

The orc warrior is lightly wounded.
The orc warrior hits you but does no damage.
The ice beast is struck by your spines.
The ice beast hits you but does no damage.
You hit the orc warrior but do no damage.
The orc warrior is lightly wounded.
The orc warrior hits you with a +0 war axe!
* * * LOW HITPOINT WARNING * * *
The ice beast is struck by your spines.
The ice beast hits you but does no damage.
You hit the orc warrior. You claw the orc warrior.
The orc warrior is heavily wounded.
You block the orc warrior's attack. You block the ice beast's attack.
You block the orc warrior's attack.
You completely miss the orc warrior. Your kick misses the orc warrior.
The orc warrior is heavily wounded.
The ice beast hits you.
* * * LOW HITPOINT WARNING * * *
The ice beast freezes you!
You die...

# ####.#######..#
......Y@oo....#
...#.#######.....
##.


You could see an orc warrior, an ice beast and an orc.

Vanquished Creatures
  An ice beast (D:6)
  An orc warrior (D:5)
  A centaur (D:5)
  5 killer bees (D:5)
  2 wights (D:6)
  2 orc priests (D:5)
  A bullfrog skeleton (D:4)
  4 hounds
  A centaur skeleton (D:4)
  A jelly (D:4)
  3 orc wizards
  4 worker ants
  A hound skeleton (D:5)
  7 adders
  2 ufetubi
  An ooze (D:5)
  An adder zombie (D:5)
  An adder skeleton (D:4)
  3 worms
  2 dart slugs
  A leopard gecko (D:5)
  16 orcs
  2 ball pythons
  3 bats
  5 giant cockroaches
  2 goblins
  6 hobgoblins
  11 jackals
  3 quokkas
  5 frilled lizards
  8 kobolds
  4 rats
110 creatures vanquished.

Notes
Turn   | Place    | Note
-------+----------+-------------------------------------------
     0 | D:1      | CaptDreibein the Demonspawn Fighter began the quest for the
                  | Orb.
     0 | D:1      | Reached XP level 1. HP: 18/18 MP: 1/1
   219 | D:1      | Gained mutation: You have sharp toenails. [demonic
                  | ancestry]
   219 | D:1      | Reached XP level 2. HP: 17/24 MP: 2/2
  1411 | D:2      | Gained mutation: You are immune to miasma. [demonic
                  | ancestry]
  1411 | D:2      | Reached XP level 3. HP: 22/29 MP: 3/3
  2091 | D:3      | Gained mutation: When seriously injured, your bleeding
                  | wounds create armour. (AC +9) [demonic ancestry]
  2091 | D:3      | Reached XP level 4. HP: 17/35 MP: 4/4
  2452 | D:3      | Reached skill level 1 in Throwing
  2552 | D:3      | Gained mutation: When seriously injured, your bleeding
                  | wounds create thick armour. (AC +9) [demonic ancestry]
  2552 | D:3      | Reached XP level 5. HP: 23/41 MP: 5/5
  3518 | D:4      | Found an ancient bone altar of Kikubaaqudgha.
  3630 | D:4      | Reached skill level 1 in Maces & Flails
  3761 | D:4      | Gained mutation: You are partially covered in sharp spines.
                  | [demonic ancestry]
  3761 | D:4      | Reached XP level 6. HP: 47/47 MP: 6/6
  4320 | D:4      | Found a burning altar of Makhleb.
  4320 | D:4      | Noticed a cacodemon
  4323 | D:4      | Noticed a ynoxinul
  4323 | D:4      | Noticed a hellwing
  4566 | D:5      | Entered Level 5 of the Dungeon
  4588 | D:5      | Reached skill level 1 in Dodging
  4680 | D:5      | Reached XP level 7. HP: 42/53 MP: 7/7
  5622 | D:5      | Reached XP level 8. HP: 21/61 MP: 8/8
  6173 | D:5      | Found a hide-covered altar of Uskayaw.
  6261 | D:6      | HP: 1/61 [ice beast (4)]
  6261 | D:6      | Mangled by an ice beast

Illustrated notes

Levels and vault maps discovered:
D:1:      lightli_arrival_maybe_door_vault, layout_basic
D:2:      layout_rooms
D:3:      layout_basic, minmay_randomly_rotated_circles
D:4:      layout_basic, makhleb_altar_promises_db, lemuel_doored_altar
D:5:      layout_loops_corners, kennysheep_mini_moat
D:6:      kennysheep_big_flooded_room, layout_basic, grunt_gozag_statues,
          hellmonk_ghost_happy_afterlife, nicolae_ru_the_path_less_chosen

Skill      XL: |  1  2  3  4  5  6  7  8 |
---------------+-------------------------+-----
Shields        | 3 4 |  4.9
Long Blades    | 2 3 |  3.1
Armour         | 3 4 |  4.7
Throwing       | 1 |  1.5
Maces & Flails | 1 2 3 4 |  4.3
Dodging        | 1 2 |  2.0
Fighting       | 4 |  4.6
Stealth        | |  0.7

Action                   |  1- 3 |  4- 6 |  7- 9 || total
-------------------------+-------+-------+-------++-------
Melee: Long sword        |   112 |    23 |       ||   135
       Kick              |    20 |    38 |    29 ||    87
       Flail             |       |    90 |   103 ||   193
Throw: Dart              |     8 |    15 |       ||    23
Armor: Scale mail        |    52 |    62 |    38 ||   152
Dodge: Dodged            |    39 |    43 |    29 ||   111
Block: Kite shield       |    80 |    87 |    52 ||   219
       Rpst.: Long sword |    14 |     4 |       ||    18
